 Dungeon Crawl Stone Soup version 0.30.1-4-g462c640d31 (webtiles) character file.

Game seed: 11260122656806675887

135 kingsuperguy the Slasher (level 4, -1/40 HPs)
             Began as a Draconian Berserker on Aug 29, 2023.
             Was a Follower of Trog.
             Succumbed to an adder's poison
             ... on level 3 of the Dungeon.
             The game lasted 00:02:43 (1341 turns).

kingsuperguy the Slasher (Draconian Berserker)      Turns: 1341, Time: 00:02:44

Health: -1/40      AC:  5    Str: 22    XL:     4   Next: 97%
Magic:  4/4        EV: 12    Int:  7    God:    Trog [*.....]
Gold:   55         SH:  0    Dex: 10    Spells: 3/3 levels left

rFire   . . .        j - +0 battleaxe
rCold   . . .        (shield currently unavailable)
rNeg    . . .        (body armour unavailable)
rPois   .            (helmet restricted)
rElec   .            (no cloak)
rCorr   .            (no gloves)
SInv    .            (no boots)
Will    .....        (no amulet)
Stlth   +            (no ring)
HPRegen 0.26/turn    (no ring)
MPRegen 0.09/turn

%: no passive effects
@: lethally poisoned (-1 -> -5), on berserk cooldown, slowed, very slow
A: AC +5, unfitting armour, cold-blooded
a: Renounce Religion, Berserk


You were on level 3 of the Dungeon.
You worshipped Trog.
Trog was aware of your devotion.
You visited 1 branch of the dungeon, and saw 4 of its levels.

You collected 55 gold pieces.

Inventory:

Hand Weapons
 a - a +0 falchion
 j - a +0 battleaxe (weapon)
Armour
 i - a +0 leather armour
Scrolls
 b - 2 scrolls of acquirement {unknown}
 c - a scroll of vulnerability {unknown}
 e - 2 scrolls of blinking {unknown}
 g - a scroll of enchant weapon {unknown}
 k - a scroll of silence {unknown}
Potions
 d - 2 potions of mutation {unknown}
 f - 3 potions of haste {unknown}
 h - a potion of ambrosia {unknown}


   Skills:
 + Level 3.9 Fighting
 + Level 4.4 Long Blades
 + Level 0.1 Axes
 + Level 3.5 Dodging
 + Level 1.0 Stealth


You had 3 spell levels left.
You didn't know any spells.
Your spell library contained the following spells:

 Spells                   Type           Power      Damage    Failure   Level
 Scorch                   Fire           0%         2d5       56%         2
 Flame Wave               Conj/Fire      0%         2d4       99%         4
 Summon Cactus Giant      Summ           0%         N/A       100%        6


Dungeon Overview and Level Annotations

Branches:
Dungeon (4/15)
 Temple: D:4-7

Altars:


Innate Abilities, Weirdness & Mutations

Your plain brown scales are hard. (AC +5)
You cannot fit into any form of body armour.
You are cold-blooded and may be slowed by cold attacks.


Message History

The adder is moderately wounded.
You feel very sick. The adder closely misses you. The adder bites you.
* * * LOW HITPOINT WARNING * * *
You are more poisoned.
The adder poisons you!
A red film seems to cover your vision as you go berserk!
You feel yourself moving faster!
You feel mighty!
You feel very sick. The adder bites you but does no damage.
The adder bites you.
* * * LOW HITPOINT WARNING * * *
You are lethally poisoned!
The adder poisons you!
You slash the adder!
You kill the adder!
Trog accepts your kill.
* * * LOW HITPOINT WARNING * * *
You feel very sick.
You are too berserk!
There is a lethal amount of poison in your body!
There is a lethal amount of poison in your body!
There is a lethal amount of poison in your body!
There is a lethal amount of poison in your body!
There is a lethal amount of poison in your body!
* * * LOW HITPOINT WARNING * * *
You feel sick.
You feel a strong urge to attack something.
* * * LOW HITPOINT WARNING * * *
You feel sick.
Found a stone staircase leading down.
* * * LOW HITPOINT WARNING * * *
You feel sick.
You feel your anger nearly subside.
You are no longer berserk.
You are exhausted.
You feel yourself slow down.
* * * LOW HITPOINT WARNING * * *
You feel sick.
* * * LOW HITPOINT WARNING * * *
You feel sick.
You die...

############
#>#..........##########
#.....@..>.............
#.#..........##########
#........(.#
#..........#
############


There were no monsters in sight!

Vanquished Creatures
  A scorpion (D:3)
  4 adders
  2 dart slugs
  4 endoplasms (D:1)
  A giant cockroach (D:1)
  6 goblins
  2 hobgoblins
  3 jackals (D:1)
  2 kobolds (D:1)
  A quokka (D:1)
  3 ball pythons
  3 rats
32 creatures vanquished.

Notes
Turn   | Place    | Note
-------+----------+-------------------------------------------
     0 | D:1      | kingsuperguy the Draconian Berserker began the quest for
                  | the Orb.
     0 | D:1      | Reached XP level 1. HP: 19/19 MP: 1/1
   270 | D:1      | Reached XP level 2. HP: 22/26 MP: 2/2
   882 | D:1      | Reached XP level 3. HP: 31/31 MP: 3/3
  1021 | D:2      | You fall into a shaft and drop 2 floors!
  1024 | D:4      | Noticed a scorpion
  1041 | D:3      | Killed a scorpion
  1042 | D:3      | Reached skill level 4 in Long Blades
  1042 | D:3      | Reached XP level 4. HP: 31/40 MP: 4/4
  1052 | D:3      | HP: 2/40 [poisoned by an adder]
  1225 | D:3      | Reached skill level 1 in Stealth
  1339 | D:3      | HP: 2/40 [poisoned by an adder]
  1341 | D:3      | Succumbed to an adder's poison

Illustrated notes

Levels and vault maps discovered:
D:1:      wander_arrival_chamber, layout_basic
D:2:      cheibrodos_greedy_goblins, layout_basic, serial_shops,
          nicolae_shop_pleasant_corner_grove
D:3:      layout_basic, serial_shops, nicolae_shop_tiny_glass, uniq_grinder,
          uniq_jessica, uniq_natasha
D:4:      layout_rooms, minmay_temple_entry_fiery, hangedman_decor_points,
          roderic_roman_lattice

Skill      XL: |  1  2  3  4 |
---------------+-------------+-----
Dodging        | 3 |  3.5
Long Blades    | 4 |  4.4
Stealth        | 1 |  1.0
Fighting       | |  3.9
Axes           | |  0.1

Action                     |  1- 3 |  4- 6 || total
---------------------------+-------+-------++-------
  Melee: Falchion          |    82 |     7 ||    89
         Tailslap          |    10 |     4 ||    14
         Battleaxe         |       |    29 ||    29
 Invoke: Berserk           |     2 |     1 ||     3
   Stab: Sleeping          |     1 |       ||     1
 Armour: Skin              |    30 |    19 ||    49
  Dodge: Dodged            |    69 |    36 ||   105
